 Dungeon Crawl Stone Soup version 0.28-a0-194-g42b4daccc1 (webtiles) character file.

Game seed: 7838636372006598385

813 cganya the Cutter (level 7, -4/82 HPs)
             Began as a Demigod Hunter on Aug 18, 2021.
             Slain by an iguana (10 damage)
             ... on level 5 of the Dungeon.
             The game lasted 00:38:27 (4538 turns).

cganya the Cutter (Demigod Hunter)                  Turns: 4538, Time: 00:38:28

Health: -4/82      AC:  8    Str: 13    XL:     7   Next: 35%
Magic:  11/11      EV: 12    Int: 13    God:
Gold:   254        SH:  0    Dex: 22    Spells: 7/8 levels left

rFire   + . .      SeeInvis .   l - +4 dagger
rCold   + . .      Faith    .   (no shield)
rNeg    . . .      Spirit   .   c - +0 leather armour
rPois   .          Reflect  .   w - +1 hat
rElec   .          Harm     .   k - +1 cloak
rCorr   .          Rampage  .   o - +1 pair of gloves
Will    .....                   (no boots)
Stlth   ..........              b - amulet of magic regeneration
HPRegen 0.23/turn               g - ring of protection from fire
MPRegen 0.37/turn               i - ring of protection from cold

@: berserking, very quick
A: high mp 1, forlorn
a: no special abilities


You were on level 5 of the Dungeon.
You visited 1 branch of the dungeon, and saw 5 of its levels.
You also visited: Sewer.

You collected 332 gold pieces.
You spent 78 gold pieces at shops.

Inventory:

Hand Weapons
 a - a +1 shortbow
 h - a +1 dagger of freezing
 j - a +1 short sword of venom
 l - a +4 dagger (weapon)
Missiles
 d - 55 arrows
Armour
 c - a +0 leather armour (worn)
 k - a +1 cloak (worn)
 o - a +1 pair of gloves (worn)
 w - a +1 hat (worn)
Jewellery
 b - an amulet of magic regeneration (around neck)
 g - a ring of protection from fire (left hand)
 i - a ring of protection from cold (right hand)
 u - a ring of resist corrosion
Scrolls
 e - 2 scrolls of enchant armour
 f - 2 scrolls of identify
 m - 2 scrolls of immolation
 v - a scroll of amnesia {unknown}
Potions
 n - 2 potions of haste
 p - a potion of curing
 q - a potion of lignification {unknown}


   Skills:
 - Level 2.0 Fighting
 * Level 6.9 Short Blades
 - Level 4.0 Bows
 - Level 2.0 Armour
 - Level 2.0 Dodging
 - Level 1.0 Stealth
 - Level 1.0 Spellcasting


You had 7 spell levels left.
You knew the following spells:

 Your Spells              Type           Power      Damage    Failure   Level
a - Foxfire               Conj/Fire      0%         2x1d4     34%         1

Your spell library contained the following spells:

 Spells                   Type           Power      Damage    Failure   Level
 Slow                     Hex            0%         N/A       47%         2
 Confusing Touch          Hex            0%         N/A       71%         3
 Conjure Flame            Conj/Fire      0%         6-21      71%         3
 Inner Flame              Hex/Fire       0%         N/A       71%         3
 Vampiric Draining        Necr           0%         2d6       71%         3
 Fireball                 Conj/Fire      0%         3d3       100%        5
 Iskenderun's Battlesphe  Conj           0%         2d6       100%        5
 Conjure Ball Lightning   Conj/Air       0%         3x3d6     100%        6
 Orb of Destruction       Conj           0%         N/A       100%        7


Dungeon Overview and Level Annotations

Branches:
Dungeon (5/15)              Sewer (visited)
 Temple: D:4-7

Shops:
D:1 :   D:3 *


Innate Abilities, Weirdness & Mutations

Your attributes grow dramatically as you level up.
You have an increased reservoir of magic. (+10% MP)
You shall have no god before yourself.


Message History

You feel sick.
The orc throws a boomerang.
The boomerang hits you but does no damage.
As you read the scroll labelled BINGAEM ISHUATZ, it crumbles to dust.
You feel strangely unstable.
It was a scroll of teleportation.
* * * LOW HITPOINT WARNING * * *
You feel sick.
You feel sick. Something hits you.
* * * LOW HITPOINT WARNING * * *
You are more poisoned.
You feel better.
Your surroundings suddenly seem different.
An iguana comes into view.
Found a scroll labelled KONUOSH EPIO, a scroll of identify and a long sword.
An iguana and a black bear come into view.
A red film seems to cover your vision as you go berserk!
You feel yourself moving faster!
You feel mighty!
The black bear growls angrily.
The iguana hisses angrily.
You hit the iguana.
The iguana is moderately wounded.
The black bear bites you but does no damage.
The black bear claws you.
* * * LOW HITPOINT WARNING * * *
The black bear claws you.
* * * LOW HITPOINT WARNING * * *
The iguana closely misses you.
You puncture the iguana!
The iguana is almost dead.
You puncture the iguana!
You kill the iguana!
The black bear bites you.
* * * LOW HITPOINT WARNING * * *
The black bear claws you.
* * * LOW HITPOINT WARNING * * *
The black bear barely misses you.
You hit the iguana.
The iguana is moderately wounded.
You hit the iguana but do no damage.
The iguana is moderately wounded.
The iguana bites you!
You die...

########
#......#
#......#
#......#
#.....?#
#......#
#......# #
#...l@.#
##
#....h.#
.#
.........#
.#
###.)?...#
.# #.
########
.##.. ....
..# .##


You could see a black bear and an iguana.

Vanquished Creatures
  A water moccasin (Sewer)
  A black bear (D:5)
  2 ogres (D:4)
  A scorpion (D:5)
  2 hounds
  An orc priest (D:3)
  An iguana (D:5)
  An orc wizard (D:3)
  A scorpion zombie (D:3)
  13 adders
  An ufetubus (D:4)
  An adder skeleton (D:4)
  3 worms (D:2)
  4 dart slugs
  13 orcs
  9 endoplasms
  3 giant cockroaches
  11 goblins
  7 hobgoblins
  3 jackals (D:3)
  7 quokkas
  7 ball pythons
  11 bats
  A frilled lizard (D:1)
  9 kobolds
  A quokka skeleton (D:4)
  10 rats
125 creatures vanquished.

Vanquished Creatures (others)
  44 foxfires
44 creatures vanquished.

Grand Total: 169 creatures vanquished

Notes
Turn   | Place    | Note
-------+----------+-------------------------------------------
     0 | D:1      | cganya the Demigod Hunter began the quest for the Orb.
     0 | D:1      | Reached XP level 1. HP: 17/17 MP: 3/3
   322 | D:1      | Found Sixom's Book Boutique.
   392 | D:1      | Reached skill level 1 in Short Blades
   525 | D:1      | Reached XP level 2. HP: 24/24 MP: 4/4
   748 | D:1      | Reached skill level 1 in Stealth
  1086 | D:2      | Reached skill level 2 in Short Blades
  1090 | D:2      | Reached XP level 3. HP: 21/29 MP: 5/5
  1710 | D:2      | Reached XP level 4. HP: 36/36 MP: 6/6
  2006 | D:3      | Reached skill level 3 in Short Blades
  2075 | D:3      | Reached skill level 1 in Spellcasting
  2125 | D:3      | Reached XP level 5. HP: 8/41 MP: 9/9
  2133 | D:3      | HP: 2/41 [poisoned by an adder]
  2282 | D:3      | Found a glowing drain.
  2338 | Sewer    | Entered a sewer
  2472 | Sewer    | Noticed a water moccasin
  2486 | Sewer    | Killed a water moccasin
  2487 | Sewer    | Reached skill level 4 in Short Blades
  2487 | Sewer    | Reached skill level 1 in Armour
  2812 | D:3      | Found Ungoeck's General Store.
  2820 | D:3      | Bought a scroll of immolation for 42 gold pieces
  2820 | D:3      | Bought a potion of curing for 36 gold pieces
  2961 | D:3      | Reached XP level 6. HP: 25/48 MP: 10/10
  3443 | D:4      | Reached skill level 5 in Short Blades
  3476 | D:4      | Learned a level 1 spell: Foxfire
  3975 | D:4      | Found a large runed translucent door.
  3975 | D:4      | Found a large runed translucent door.
  4168 | D:4      | Reached skill level 6 in Short Blades
  4215 | D:5      | Entered Level 5 of the Dungeon
  4242 | D:5      | Reached XP level 7. HP: 50/55 MP: 11/11
  4538 | D:5      | Slain by an iguana

Illustrated notes

Levels and vault maps discovered:
D:1:      dpeg_arrival_simpleton_c, layout_rooms,
          shapermc_ecumenical_altar_venn, serial_shops, nicolae_square_shop,
          st_stairs_9, minmay_misc_feat_doors, minmay_misc_feat_encased
D:2:      minmay_chambers_of_ones, layout_basic, chequers_avenue
D:3:      minmay_inner_zag, layout_rooms, mainiacjoe_overflow_chevrons,
          serial_shops, shop_fountains, lightli_sewer_entry_pipes
D:4:      layout_basic, jmf_multi_god_temple2
D:5:      layout_rooms, pdpol_temple_overflow_zin_treasury_gozag_greed,
          eat_drink_and_be_merry_uskayaw, fedhas_ov_isle_minmay,
          nemelex_xobeh_ov_fountains_minmay, minivault_27,
          ebering_dispersal_statue_hall

Skill      XL: |  1  2  3  4  5  6 |
---------------+-------------------+-----
Dodging        | 2 |  2.0
Short Blades   | 1 2 3 4 6 |  6.9
Fighting       | 2 |  2.0
Stealth        | 1 |  1.0
Bows           | 4 |  4.0
Spellcasting   | 1 |  1.0
Armour         | 1 2 |  2.0

Action                   |  1- 3 |  4- 6 |  7- 9 || total
-------------------------+-------+-------+-------++-------
Melee: Short sword       |    97 |       |     4 ||   101
       Dagger            |    34 |   255 |    47 ||   336
 Fire: Shortbow          |     6 |    10 |     3 ||    19
 Cast: Foxfire           |       |    18 |     6 ||    24
  Use: Scroll            |       |     5 |     2 ||     7
       Potion            |       |     2 |     2 ||     4
 Stab: Sleeping          |     3 |     9 |       ||    12
Armor: Leather armour    |    32 |    67 |    32 ||   131
Dodge: Dodged            |    78 |   141 |    30 ||   249

Table legend: (Time is in decaauts)
 A = Elapsed time spent in this place.
 B = Non-inter-level travel time spent in this place.
 C = Inter-level travel time spent in this place.
 D = Time resting spent in this place.
 E = Time spent auto-exploring this place.
 F = Levels seen in this place.
 G = Mean time per level.
                   A        B        C        D        E       F      G
               +--------+--------+--------+--------+--------+-----+--------+
         Total |   4480 |   4382 |     98 |   1555 |   1184 |   6 |  746.7 |
       Dungeon |   4038 |   3940 |     98 |   1227 |   1184 |   5 |  807.6 |
         Sewer |    442 |    442 |      0 |    328 |      0 |   1 |  442.0 |
               +--------+--------+--------+--------+--------+-----+--------+

Top non-repeatable levels by time:
     D:1: 1082 daAuts
     D:3: 938 daAuts
     D:2: 897 daAuts
     D:4: 823 daAuts
   Sewer: 442 daAuts
     D:5: 297 daAuts
